 Dungeon Crawl Stone Soup version 0.25-a0-322-g3677130cb1 (webtiles) character file.

Game seed: 17884538955281500977, levelgen mode: deterministic

2900 merlinviolet the Spear-Bearer (level 9, 0/61 HPs)
             Began as a Demonspawn Skald on Dec 28, 2019.
             Was an Initiate of Kikubaaqudgha.
             Slain by a centaur (4 damage)
             ... on level 8 of the Dungeon.
             The game lasted 00:36:17 (7343 turns).

merlinviolet the Spear-Bearer (Demonspawn Skald)    Turns: 7343, Time: 00:36:17

Health: 0/61       AC:  5    Str: 12    XL:     9   Next: 49%
Magic:  3/19       EV: 13    Int: 22    God:    Kikubaaqudgha [......]
Gold:   494        SH:  0    Dex: 12    Spells: 13/22 levels left

rFire    . . .     SeeInvis +   t - +0 trident
rCold    . . .     Gourm    .   (no shield)
rNeg     . . .     Faith    .   i - +1 troll leather armour {Purgy}
rPois    +         Spirit   .   (helmet restricted)
rElec    .         Reflect  .   (no cloak)
rCorr    .         Harm     .   (no gloves)
MR       .....                  (no boots)
Stlth    +.........             (no amulet)
HPRegen  0.60/turn              c - +4 ring of intelligence
MPRegen  0.16/turn              q - ring of see invisible

@: no status effects
A: horns 2, repulsion field 1, demonic guardian 1, poison resistance, MP-powered
wands
a: Renounce Religion


You were on level 8 of the Dungeon.
You worshipped Kikubaaqudgha.
Kikubaaqudgha was noncommittal.
You were not hungry.

You visited 2 branches of the dungeon, and saw 9 of its levels.
You also visited: Sewer.

You collected 494 gold pieces.

Inventory:

Hand Weapons
 t - a +0 trident (weapon)
Missiles
 a - 2 throwing nets (quivered)
 A - 25 poisoned darts
Armour
 g - a +0 buckler
 i - a +1 troll leather armour (worn) {Purgy}
 x - a +0 cloak
 D - a scarf of spirit shield
Jewellery
 c - a +4 ring of intelligence (left hand)
 m - an uncursed ring of resist corrosion
 n - a +3 ring of strength
 q - a ring of see invisible (right hand)
Wands
 b - a wand of iceblast (8)
 s - a wand of paralysis (11)
 z - a wand of disintegration (13)
Scrolls
 e - a scroll of identify
 f - 8 scrolls of teleportation
 j - 4 scrolls of fear
 k - a scroll of noise
 o - 2 scrolls of remove curse
 y - a scroll of enchant weapon
 B - a scroll of amnesia {unknown}
 C - a scroll of fog
Potions
 h - a potion of lignification
 l - a potion of magic
 p - a potion of cancellation {unknown}
 r - a potion of might
 u - a potion of curing
 v - a potion of degeneration
 w - a potion of heal wounds
Comestibles
 d - 5 rations
 E - 3 chunks of flesh


   Skills:
 - Level 2.0 Fighting
 + Level 8.2 Polearms
 - Level 0.8 Armour
 - Level 1.7 Dodging
 - Level 4.0 Shields
 + Level 7.1 Spellcasting
 - Level 4.0 Charms
 - Level 3.2 Necromancy


You had 13 spell levels left.
You knew the following spells:

 Your Spells              Type           Power        Failure   Level  Hunger
a - Infusion              Chrm           ####         1%          1    None
b - Shroud of Golubria    Chrm/Tloc      ###...       7%          2    None
c - Regeneration          Chrm/Necr      ###.......   7%          3    None
d - Spectral Weapon       Hex/Chrm       ###.....     14%         3    None

Your spell library contained the following spells:

 Spells                   Type           Power        Failure   Level  Hunger
 Song of Slaying          Chrm           ####....     3%          2    None


Dungeon Overview and Level Annotations

Branches:
Dungeon (8/15)             Temple (1/1) D:7           Sewer (visited)
   Lair: D:8-11

Altars:
Ashenzari
Cheibriados
Dithmenos
Elyvilon
Fedhas
Kikubaaqudgha
Makhleb
Nemelex Xobeh
Okawaru
Qazlal
Trog
Vehumet
Wu Jian
Xom
Yredelemnul
Zin
The Shining One

Annotations:
D:3 1 exclusion
D:5 Blork the orc, Pikel, Prince Ribbit
D:8 Harold


Innate Abilities, Weirdness & Mutations

You have a pair of horns on your head.
You are surrounded by a mild repulsion field. (EV +2)
A weak demonic guardian rushes to your aid.
Your system is resistant to poisons. (rPois)
You expend magic power (3 MP) to strengthen your wands.


Message History

A leopard gecko and a centaur come into view.
You see here 2 arrows.
The leopard gecko hisses angrily.
The leopard gecko misses you.
The centaur shoots an arrow.
The arrow completely misses you. The arrow closely misses your quasit.
The leopard gecko misses you.
The centaur shoots an arrow.
The arrow hits you!
* * * LOW HITPOINT WARNING * * *
The centaur shoots an arrow.
The arrow barely misses you.
The centaur shoots an arrow.
The arrow misses you.
The centaur shoots an arrow.
The arrow closely misses you. The leopard gecko closely misses you.
The centaur unwields a +0 shortbow.
The centaur closely misses you.
Your quasit closely misses the leopard gecko.
Your quasit barely misses the leopard gecko. x2
You hit the centaur.
The centaur is moderately wounded.
The centaur hits you.
You die...
Kikubaaqudgha rasps: "You have failed me!
Welcome... death!"

##.....##........
......##........
...............
#.#...........#
#.#.....(.....# #
##......((!...#
...##............##
........l5......##
......c@....(####
.....#.$...### ....
#.....# . ......##
....#### .....#
..... ..###


You could see a centaur, a leopard gecko and a friendly quasit.

Vanquished Creatures
  A two-headed ogre (D:8)
  A human (D:4)
  Eustachio (D:6)
  An ice beast (D:5)
  2 orc warriors
  2 ogres
  A phantom (D:7)
  2 centaurs
  4 bullfrogs
  A scorpion (D:4)
  2 howler monkeys
  2 crimson imps (D:7)
  A bullfrog zombie (D:6)
  2 hounds
  3 orc priests
  A centaur skeleton (D:4)
  2 bullfrog skeletons
  3 worker ants (D:7)
  6 orc wizards
  A hound skeleton (D:4)
  8 adders
  A river rat (D:6)
  A shadow imp (D:5)
  An ooze (D:2)
  An adder zombie (D:5)
  4 worms
  3 dart slugs
  4 leopard geckos
  29 orcs
  A giant cockroach (D:2)
  6 goblins
  12 hobgoblins
  16 jackals
  8 kobolds
  3 quokkas
  8 bats
  11 frilled lizards
  A jackal skeleton (D:7)
  A quokka zombie (D:6)
  4 rats
162 creatures vanquished.

Vanquished Creatures (collateral kills)
  Joseph (D:7)
  Purgy (Sewer)
  A bullfrog (D:7)
  A hound (D:7)
  A worker ant (D:5)
  An ooze (D:5)
  A leopard gecko (D:4)
  2 orcs (D:4)
  A leopard gecko zombie (D:5)
10 creatures vanquished.

Vanquished Creatures (others)
  A spectral weapon (D:7)
1 creature vanquished.

Grand Total: 173 creatures vanquished

Notes
Turn   | Place    | Note
-------+----------+-------------------------------------------
     0 | D:1      | merlinviolet the Demonspawn Skald began the quest for the
                  | Orb.
     0 | D:1      | Reached XP level 1. HP: 16/16 MP: 3/3
   128 | D:1      | Reached skill level 2 in Polearms
   142 | D:1      | Gained mutation: You have a pair of small horns on your
                  | head. [demonic ancestry]
   142 | D:1      | Reached XP level 2. HP: 13/22 MP: 0/5
   306 | D:1      | Gained mutation: Your system is resistant to poisons.
                  | (rPois) [potion of mutation]
   306 | D:1      | Gained mutation: You expend magic power (3 MP) to
                  | strengthen your wands. [potion of mutation]
   752 | D:1      | Reached XP level 3. HP: 14/27 MP: 0/6
   987 | D:2      | Learned a level 2 spell: Shroud of Golubria
   991 | D:2      | Learned a level 3 spell: Regeneration
  1020 | D:2      | Found a shadowy altar of Dithmenos.
  1147 | D:2      | Found a shimmering altar of Xom.
  1415 | D:2      | Found a snail-covered altar of Cheibriados.
  1777 | D:3      | Reached skill level 3 in Polearms
  1779 | D:3      | Found an iron altar of Okawaru.
  1806 | D:3      | HP: 1/27 [orc (4)]
  1858 | D:3      | Gained mutation: You have a pair of horns on your head.
                  | [demonic ancestry]
  1858 | D:3      | Reached XP level 4. HP: 11/33 MP: 7/7
  2580 | D:3      | Found a shattered altar of Ashenzari.
  2983 | D:3      | Found a glowing silver altar of Zin.
  3300 | D:4      | Gained mutation: A weak demonic guardian rushes to your
                  | aid. [demonic ancestry]
  3300 | D:4      | Reached XP level 5. HP: 37/38 MP: 0/8
  3485 | D:4      | Reached skill level 1 in Necromancy
  3576 | D:4      | Reached skill level 4 in Polearms
  3950 | D:4      | Noticed an ogre
  3952 | D:4      | Noticed a human
  3952 | D:4      | an ogre changed into a human
  3969 | D:4      | Killed a human
  3969 | D:4      | Reached XP level 6. HP: 16/44 MP: 4/9
  4239 | D:5      | Entered Level 5 of the Dungeon
  4260 | D:5      | Noticed an ice beast
  4274 | D:5      | Killed an ice beast
  4277 | D:5      | Reached skill level 5 in Polearms
  4277 | D:5      | Reached XP level 7. HP: 44/50 MP: 6/11
  4390 | D:5      | Found a glowing drain.
  4439 | Sewer    | Entered a sewer
  4730 | Sewer    | Noticed Purgy
  4736 | Sewer    | Killed Purgy
  4901 | D:5      | Noticed Blork the orc
  4901 | D:5      | Noticed Pikel
  4904 | D:5      | Noticed Pikel
  4904 | D:5      | Pikel changed into Pikel the warg
  4904 | D:5      | Noticed Prince Ribbit
  4910 | D:6      | Noticed Eustachio
  4930 | D:6      | Found a burning altar of Makhleb.
  4988 | D:6      | Killed Eustachio
  4988 | D:6      | Reached skill level 1 in Shields
  5070 | D:6      | Found a runed translucent door.
  5071 | D:6      | Noticed Crazy Yiuf
  5081 | D:6      | Noticed Crazy Yiuf
  5081 | D:6      | Crazy Yiuf changed into Crazy Yiuf the river rat
  5083 | D:6      | Killed Crazy Yiuf the river rat
  5163 | D:6      | Reached skill level 6 in Polearms
  5212 | D:6      | Reached XP level 8. HP: 54/56 MP: 14/14
  6083 | D:7      | Reached skill level 5 in Spellcasting
  6191 | D:7      | Learned a level 3 spell: Spectral Weapon
  6294 | D:7      | Noticed Joseph
  6335 | D:7      | Killed Joseph
  6335 | D:7      | Reached skill level 7 in Polearms
  6391 | D:7      | Found a stormy altar of Qazlal.
  6463 | D:7      | Gained mutation: You are surrounded by a mild repulsion
                  | field. (EV +2) [demonic ancestry]
  6463 | D:7      | Reached XP level 9. HP: 61/61 MP: 12/17
  6611 | D:7      | Found a staircase to the Ecumenical Temple.
  6628 | Temple   | Entered the Ecumenical Temple
  6890 | Temple   | Became a worshipper of Kikubaaqudgha
  7318 | D:8      | Noticed a two-headed ogre
  7329 | D:8      | Noticed Harold
  7335 | D:8      | Killed a two-headed ogre
  7335 | D:8      | Reached skill level 8 in Polearms
  7339 | D:8      | HP: 2/61 [centaur/arrow (11)]
  7343 | D:8      | Slain by a centaur

Levels and vault maps discovered:
D:1:      dpeg_arrival_brainrot, layout_loops_ring
D:2:      minmay_wonky_spiral, layout_basic, lemuel_doored_altar,
          old_standard_altar, marbit_many_paths, minmay_tree_intersection
D:3:      layout_loops_ring, zin_treasury, overflow_temple_1_default,
          nicolae_overflow_hidden_temple
D:4:      layout_basic, first_ration, grunt_decor_cap, minmay_misc_feat_hallway
D:5:      layout_rooms, gup_sewer_entry_glass, uniq_pikel, uniq_prince_ribbit1,
          uniq_blork_the_orc
D:6:      layout_basic, bloody_makhleb, uniq_eustachio, uniq_crazy_yiuf_cottage
D:7:      layout_loops_ring, kennysheep_mini_moat,
          minmay_temple_entry_statues_fountains, uniq_joseph
D:8:      layout_cave_pools, kennysheep_little_box,
          lemuel_coloured_pillars_altar, lemuel_blue_sif_altar, uniq_harold
Temple:   jpeg_temple_island

Skill      XL: |  1  2  3  4  5  6  7  8  9 |
---------------+----------------------------+-----
Polearms       | 2 3 4 5 6 7 8 |  8.2
Charms         | 3 4 |  4.0
Necromancy     | 3 |  3.2
Spellcasting   | 4 5 7 |  7.1
Shields        | 1 4 |  4.0
Fighting       | |  2.0
Armour         | |  0.8
Dodging        | |  1.7

Action                   |  1- 3 |  4- 6 |  7- 9 || total
-------------------------+-------+-------+-------++-------
Melee: Spear             |   136 |       |       ||   136
       Headbutt          |    11 |    20 |    45 ||    76
       Trident           |    13 |   152 |   388 ||   553
 Cast: Infusion          |     8 |     3 |    12 ||    23
       Shroud of Golubri |       |     2 |     2 ||     4
       Regeneration      |       |     1 |       ||     1
       Spectral Weapon   |       |       |     2 ||     2
Evoke: Wand              |       |     3 |    11 ||    14
  Use: Scroll            |     2 |     5 |     7 ||    14
       Potion            |     7 |     1 |     3 ||    11
 Stab: Sleeping          |     1 |       |       ||     1
       Invisible         |       |     1 |     1 ||     2
       Distracted        |       |     1 |     1 ||     2
       Paralysed         |       |     3 |       ||     3
  Eat: Chunk             |     2 |     3 |     5 ||    10
       Ration            |     1 |     1 |     2 ||     4
Armor: Leather armour    |    36 |    26 |    19 ||    81
       Skin              |    10 |     9 |       ||    19
       Troll leather arm |       |       |    79 ||    79
Dodge: Dodged            |    78 |    77 |   195 ||   350

Table legend:
 A = Non-vault XP
 B = Vault XP
 C = Vault XP percentage of total XP
 D = Non-vault monster count
 E = Vault monster count
 F = Vault count percentage of total count
                 A         B        C        D         E       F
            +---------+---------+-------+---------+---------+-------
      Total |    3373 |     771 |  18.6 |     153 |      19 |  11.0
            +---------+---------+-------+---------+---------+-------
        D:1 |      39 |       2 |   4.9 |      20 |       1 |   4.8
        D:2 |      25 |      13 |  34.2 |      12 |       5 |  29.4
        D:3 |      92 |       0 |   0.0 |      29 |       0 |   0.0
        D:4 |     379 |       0 |   0.0 |      20 |       0 |   0.0
        D:5 |     356 |      27 |   7.0 |      12 |       2 |  14.3
        D:6 |     658 |     175 |  21.0 |      25 |       2 |   7.4
        D:7 |     963 |     419 |  30.3 |      27 |       1 |   3.6
        D:8 |     861 |       0 |   0.0 |       8 |       0 |   0.0
      Sewer |       0 |     135 | 100.0 |       0 |       8 | 100.0
            +---------+---------+-------+---------+---------+-------
